 Dungeon Crawl Stone Soup version 0.31-a0-102-g33a4ccc0cb (webtiles) character file.

Game seed: 10611805264204258633

81 mopl the Vexing (level 4, -2/25 HPs)
             Began as a Deep Elf Enchanter on May 26, 2023.
             Frozen to death by an endoplasm (5 damage)
             ... on level 2 of the Dungeon.
             The game lasted 00:02:19 (1280 turns).

mopl the Vexing (Deep Elf Enchanter)                Turns: 1280, Time: 00:02:19

Health: -2/25      AC:  3    Str:  5    XL:     4   Next: 19%
Magic:  2/11       EV: 13    Int: 20    God:
Gold:   95         SH:  0    Dex: 17    Spells: 2/10 levels left

rFire   . . .        a - +1 dagger
rCold   . . .        (no shield)
rNeg    . . .        b - +0 robe
rPois   .            l - +0 helmet
rElec   .            (no cloak)
rCorr   .            (no gloves)
SInv    .            (no boots)
Will    .....        (no amulet)
Stlth   +++          (no ring)
HPRegen 0.24/turn    (no ring)
MPRegen 0.12/turn

%: no passive effects
@: no status effects
A: no striking features
a: no special abilities


You were on level 2 of the Dungeon.
You visited 1 branch of the dungeon, and saw 2 of its levels.

You collected 95 gold pieces.

Inventory:

Hand Weapons
 a - a +1 dagger (weapon)
Missiles
 i - 3 poisoned darts
Armour
 b - a +0 robe (worn)
 l - a +0 helmet (worn)
Scrolls
 d - a scroll of acquirement {unknown}
 e - a scroll of enchant weapon {unknown}
 f - 2 scrolls of brand weapon {unknown}
 j - a scroll of fear {unknown}
Potions
 c - 2 potions of invisibility
 g - 2 potions of curing {unknown}
 h - a potion of resistance {unknown}
 k - a potion of heal wounds {unknown}


   Skills:
 + Level 1.2 Fighting
 + Level 1.9 Short Blades
 - Level 2.4 Dodging
 + Level 4.3 Stealth
 + Level 3.7 Spellcasting
 + Level 4.6 Hexes


You had 2 spell levels left.
You knew the following spells:

 Your Spells              Type           Power      Damage    Failure   Level
b - Ensorcelled Hibernat  Hex/Ice        22%        N/A       10%         2
c - Confusing Touch       Hex            22%        N/A       6%          3
d - Tukima's Dance        Hex            22%        N/A       6%          3

Your spell library contained the following spells:

 Spells                   Type           Power      Damage    Failure   Level
 Dazzling Flash           Conj/Hex       22%        N/A       19%         3
 Ozocubu's Armour         Ice            3%         N/A       36%         3
 Ozocubu's Refrigeration  Ice            1%         4d7       100%        7


Dungeon Overview and Level Annotations

Branches:
Dungeon (2/15)

Altars:


Message History

* * * LOW HITPOINT WARNING * * *
Terence attacks as you move away! Terence misses you.
The endoplasm attacks as you move away! The endoplasm hits you.
* * * LOW HITPOINT WARNING * * *
The endoplasm attacks as you move away!
The endoplasm hits you but does no damage.
Terence attacks as you move away! Terence misses you.
Your magical contamination has completely faded away.
Terence attacks as you move away! Terence hits you with a +0 flail.
* * * LOW HITPOINT WARNING * * *
Terence attacks as you move away! Terence closely misses you.
Terence attacks as you move away! Terence misses you.
Casting: Ensorcelled Hibernation (safe; 11% risk of failure)
Confirm with . or Enter, or press ? or * to list all spells.
The spell is quite dangerous to miscast (7% risk of failure)!
Continue anyway? [Y]es or [N]o only, please.
The spell is quite dangerous to miscast (7% risk of failure)!
Continue anyway? [Y]es or [N]o only, please.
The spell is quite dangerous to miscast (7% risk of failure)!
Continue anyway?
Your hands begin to glow red.
Terence hits you with a +0 flail.
* * * LOW HITPOINT WARNING * * *
You hit Terence but do no damage.
Terence appears confused.
Terence is almost dead.
Terence closely misses you.
You hit Terence but do no damage.
Terence is almost dead.
Terence barely misses you.
You catch the helpless Terence completely off-guard!
You puncture Terence!
You kill Terence!
You have reached level 4!
You feel clever.
Saving game... please wait.
Welcome back, mopl the Deep Elf Enchanter.
Press ? for a list of commands and other information.
You hit the endoplasm.
The endoplasm is lightly wounded.
The endoplasm freezes you.
You are frozen.
You die...

..................#
....##..........#.#
######..........#.#
....##..........#.#
................#.#
.........####+###.#
.........####.# #.#
.........##...###.#
...............J@.#
............#######
.........####
..........##
...........#
...........#
..###......####
##....#.......#
......#.......#


You could see an endoplasm.

Vanquished Creatures
  Terence (D:2)
  An adder (D:2)
  2 worms (D:2)
  3 dart slugs
  2 bats (D:1)
  An endoplasm (D:2)
  A giant cockroach (D:2)
  5 goblins
  3 hobgoblins
  4 jackals (D:1)
  3 quokkas (D:1)
  3 ball pythons (D:1)
  A frilled lizard (D:1)
  3 rats (D:1)
33 creatures vanquished.

Notes
Turn   | Place    | Note
-------+----------+-------------------------------------------
     0 | D:1      | mopl the Deep Elf Enchanter began the quest for the Orb.
     0 | D:1      | Reached XP level 1. HP: 10/10 MP: 6/6
   130 | D:1      | Reached XP level 2. HP: 15/15 MP: 8/8
   133 | D:1      | Learned a level 2 spell: Ensorcelled Hibernation
   483 | D:1      | Reached skill level 4 in Stealth
   526 | D:1      | Reached XP level 3. HP: 12/20 MP: 9/9
   530 | D:1      | Learned a level 3 spell: Confusing Touch
   534 | D:1      | Learned a level 3 spell: Tukima's Dance
   740 | D:2      | Reached skill level 1 in Fighting
  1249 | D:2      | Noticed Terence
  1276 | D:2      | HP: 1/20 [Terence/+0 flail (5)]
  1279 | D:2      | Killed Terence
  1280 | D:2      | Reached XP level 4. HP: 3/25 MP: 2/11
  1280 | D:2      | Frozen to death by an endoplasm

Illustrated notes

Levels and vault maps discovered:
D:1:      amcnicky_arrival_underground_garden, layout_basic, hex_large
D:2:      layout_basic, minmay_misc_feat_pillars, uniq_terence

Skill      XL: |  1  2  3 |
---------------+----------+-----
Stealth        | 4 |  4.3
Fighting       | 1 |  1.2
Short Blades   | |  1.9
Dodging        | |  2.4
Spellcasting   | |  3.7
Hexes          | |  4.6

Action                     |  1- 3 |  4- 6 || total
---------------------------+-------+-------++-------
  Melee: Dagger            |   118 |     1 ||   119
         Punch             |     2 |       ||     2
   Cast: Ensorcelled Hiber |    16 |       ||    16
         Confusing Touch   |     1 |       ||     1
   Stab: Sleeping          |    16 |       ||    16
         Confused          |     1 |       ||     1
 Armour: Robe              |    19 |       ||    19
  Dodge: Dodged            |    81 |       ||    81

Table legend: (Time is in decaauts)
 A = Elapsed time spent in this place.
 B = Non-inter-level travel time spent in this place.
 C = Inter-level travel time spent in this place.
 D = Time resting spent in this place.
 E = Time spent auto-exploring this place.
 F = Levels seen in this place.
 G = Mean time per level.
                   A        B        C        D        E       F      G
               +--------+--------+--------+--------+--------+-----+--------+
         Total |   1271 |   1268 |      3 |    176 |    773 |   2 |  635.5 |
       Dungeon |   1271 |   1268 |      3 |    176 |    773 |   2 |  635.5 |
               +--------+--------+--------+--------+--------+-----+--------+

Top non-repeatable levels by time:
     D:1: 668 daAuts
     D:2: 603 daAuts
